 Dungeon Crawl Stone Soup version 0.29-a0-284-gf9362112df (webtiles) character file.

Game seed: 5037472243186369284

62 olourkin the Slasher (level 3, -1/28 HPs)
             Began as a Palentonga Warper on Mar 29, 2022.
             Asphyxiated
             ... on level 3 of the Dungeon.
             The game lasted 00:14:13 (3025 turns).

olourkin the Slasher (Palentonga Warper)            Turns: 3025, Time: 00:14:14

Health: -1/28      AC:  4    Str: 14    XL:     3   Next: 85%
Magic:  6/6        EV:  9    Int: 15    God:
Gold:   103        SH:  0    Dex:  9    Spells: 3/6 levels left

rFire   . . .      SeeInvis +   a - +0 falchion
rCold   . . .      Faith    .   (no shield)
rNeg    . . .      Spirit   .   b - +0 leather armour
rPois   .          Reflect  .   (no helmet)
rElec   .          Harm     .   (no cloak)
rCorr   .          Rampage  .   (no gloves)
Will    .....                   (no barding)
Stlth   +.........              (no amulet)
HPRegen 0.09/turn               (no ring)
MPRegen 0.10/turn               (no ring)

@: lethally poisoned (-1 -> -16), slowed, very slow
A: large, rugged brown scales 3, see invisible, deformed body, roll 1, armoured
tail
a: Rolling Charge


You were on level 3 of the Dungeon.
You visited 1 branch of the dungeon, and saw 3 of its levels.

You collected 103 gold pieces.

Inventory:

Hand Weapons
 a - a +0 falchion (weapon)
 n - a +0 whip of venom
Missiles
 d - 3 boomerangs of dispersal
 j - 94 stones (quivered)
 o - 2 poisoned darts
Armour
 b - a +0 leather armour (worn)
 l - a +0 chain mail
Scrolls
 c - a scroll of blinking
 h - a scroll of amnesia {unknown}
 i - a scroll of immolation {unknown}
 k - a scroll of vulnerability {unknown}
 p - a scroll of holy word {unknown}
Potions
 f - a potion of degeneration {unknown}
 g - a potion of flight {unknown}
 m - a potion of mutation {unknown}


   Skills:
 - Level 2.0 Fighting
 + Level 4.1 Long Blades
 - Level 0.6 Throwing
 - Level 0.7 Armour
 - Level 1.6 Dodging
 - Level 2.0 Spellcasting
 - Level 3.0 Translocations


You had 3 spell levels left.
You knew the following spells:

 Your Spells              Type           Power      Damage    Failure   Level
b - Blink                 Tloc           20%        N/A       12%         2
e - Apportation           Tloc           20%        N/A       9%          1

Your spell library contained the following spells:

 Spells                   Type           Power      Damage    Failure   Level
 Gell's Gravitas          Tloc           10%        N/A       24%         3
 Lesser Beckoning         Tloc           10%        N/A       24%         3
 Teleport Other           Tloc           10%        N/A       24%         3
 Manifold Assault         Tloc           10%        N/A       92%         5
 Alistair's Intoxication  Tmut/Pois      0%         N/A       100%        5


Dungeon Overview and Level Annotations

Branches:
Dungeon (3/15)

Altars:
Ashenzari
Xom


Innate Abilities, Weirdness & Mutations

You are completely covered in rugged brown scales. (AC +3, +7% HP)
You have supernaturally acute eyesight. (SInv)
Armour fits poorly on your strangely shaped body.
You can roll at nearby foes to attack.
You have a long armoured tail.


Message History

The gnoll hits you with a +0 whip.
* * * LOW HITPOINT WARNING * * *
You feel better. The gnoll closely misses you.
A hobgoblin comes into view.
The gnoll hits you with a +0 whip!
* * * LOW HITPOINT WARNING * * *
Casting: Apportation (safe; 9% risk of failure)
Confirm with . or Enter, or press ? or * to list all spells.
You don't know that spell.
Casting: Apportation (safe; 9% risk of failure)
Confirm with . or Enter, or press ? or * to list all spells.
You blink.
The gnoll throws a curare-tipped dart.
The curare-tipped dart barely misses you.
Okay, then.
A gnoll comes into view. It is wielding a +0 flail.
You feel stable enough to blink again.
The gnoll throws a curare-tipped dart.
The curare-tipped dart hits you.
You are lethally poisoned!
You have difficulty breathing.
* * * LOW HITPOINT WARNING * * *
You feel as though you will be slow longer.
You feel better.
The gnoll throws a curare-tipped dart.
The curare-tipped dart closely misses you.
The gnoll attacks as you move away! The gnoll hits you with a +0 whip.
* * * LOW HITPOINT WARNING * * *
The gnoll throws a curare-tipped dart.
The curare-tipped dart hits you.
You are lethally poisoned!
You have difficulty breathing.
* * * LOW HITPOINT WARNING * * *
You feel as though you will be slow longer.
You feel better. The gnoll hits you with a +0 whip.
* * * LOW HITPOINT WARNING * * *
The gnoll barely misses you.
A gnoll comes into view. It is wielding a +0 spear.
The gnoll attacks as you move away! The gnoll hits you with a +0 whip.
* * * LOW HITPOINT WARNING * * *
The gnoll throws a curare-tipped dart.
The curare-tipped dart hits you.
You are lethally poisoned!
You have difficulty breathing.
You die...

#.##...# #g# #......# #.
#.# #..#...######. #g#
#..###........# #.# #..#
####...## #.# #..#
#.....#######g# #..#
#........ggg..# #.##
####.....#g####### #.#
##.......@...# #.#
#..#..#..#...# #.#
#.###...###..#
#.####..#..#).#..##
###.........<##...##
....######.#.##..##
###.#####....##...###
#.......#..#..#...######
#......###...###.......#


You could see 2 gnolls.

Vanquished Creatures
  2 gnolls (D:2)
  A dart slug (D:1)
  An orc (D:3)
  4 endoplasms
  2 giant cockroaches (D:1)
  9 goblins
  2 hobgoblins (D:2)
  2 quokkas
  A ball python (D:1)
  A bat (D:2)
  3 frilled lizards (D:1)
  4 kobolds
  7 rats
39 creatures vanquished.

Vanquished Creatures (others)
  An adder (D:3)
  An orc (D:3)
  A goblin (D:3)
  A kobold (D:3)
  2 quokkas (D:3)
  A rat (D:3)
7 creatures vanquished.

Grand Total: 46 creatures vanquished

Notes
Turn   | Place    | Note
-------+----------+-------------------------------------------
     0 | D:1      | olourkin the Palentonga Warper began the quest for the Orb.
     0 | D:1      | Reached XP level 1. HP: 17/17 MP: 3/3
   267 | D:1      | Reached XP level 2. HP: 16/23 MP: 5/5
   594 | D:1      | Reached skill level 3 in Long Blades
   754 | D:1      | Found a faded altar of an unknown god.
  1166 | D:2      | Reached XP level 3. HP: 28/28 MP: 6/6
  1169 | D:2      | Learned a level 2 spell: Blink
  2151 | D:2      | Found a broken altar of Ashenzari.
  2184 | D:2      | Reached skill level 4 in Long Blades
  2601 | D:3      | Found a shimmering altar of Xom.
  2845 | D:3      | Learned a level 1 spell: Apportation
  3025 | D:3      | Asphyxiated

Illustrated notes

Levels and vault maps discovered:
D:1:      scummos_arrival_simple_fountains, layout_rooms,
          shapermc_ecumenical_altar_mp_urbaneastern,
          nicolae_concentric_dashed_squares_wild
D:2:      layout_basic, basic_altar, hangedman_feature_mirror
D:3:      layout_loops_ring, xom_confusion_cloud, minmay_strange_pillars

Skill      XL: |  1  2  3 |
---------------+----------+-----
Long Blades    | 3 4 |  4.1
Fighting       | |  2.0
Throwing       | |  0.6
Armour         | |  0.7
Dodging        | |  1.6
Spellcasting   | |  2.0
Translocations | |  3.0

Action                   || total
-------------------------++-------
Melee: Falchion          ||   117
       Tailslap          ||    19
       Punch             ||     1
Throw: Stone             ||    19
       Boomerang         ||     9
 Cast: Apportation       ||     6
       Blink             ||     4
 Abil: Rolling Charge    ||    29
  Use: Potion            ||     4
Armor: Leather armour    ||    63
Dodge: Dodged            ||    67

Table legend: (Time is in decaauts)
 A = Elapsed time spent in this place.
 B = Non-inter-level travel time spent in this place.
 C = Inter-level travel time spent in this place.
 D = Time resting spent in this place.
 E = Time spent auto-exploring this place.
 F = Levels seen in this place.
 G = Mean time per level.
                   A        B        C        D        E       F      G
               +--------+--------+--------+--------+--------+-----+--------+
         Total |   3056 |   2908 |    148 |   1236 |   1050 |   3 | 1018.7 |
       Dungeon |   3056 |   2908 |    148 |   1236 |   1050 |   3 | 1018.7 |
               +--------+--------+--------+--------+--------+-----+--------+

Top non-repeatable levels by time:
     D:1: 1502 daAuts
     D:2: 1083 daAuts
     D:3: 470 daAuts
